 Dungeon Crawl Stone Soup version 0.23.2-40-g277498a001 (webtiles) character file.

Game seed: 688297581064050029

667 FishyPogo the Ducker (level 7, -1/61 HPs)
             Began as a Minotaur Gladiator on Aug 14, 2019.
             Slain by Duvessa
             ... wielding a +5 short sword of electrocution
              (17 damage)
             ... on level 5 of the Dungeon.
             The game lasted 00:12:52 (3532 turns).

FishyPogo the Ducker (Minotaur Gladiator)           Turns: 3532, Time: 00:12:52

Health: -1/61      AC:  9    Str: 19    XL:     7   Next: 31%
Magic:  6/6        EV: 14    Int:  5    God:
Gold:   199        SH:  0    Dex: 13    Spells: 6/6 levels left

rFire    . . .     SeeInvis +   a - +0 long sword
rCold    . . .     Gourm    .   (no shield)
rNeg     . . .     Faith    .   v - +0 leather armour {MR+}
rPois    .         Spirit   .   G - +2 hat
rElec    .         Reflect  .   M - +1 cloak
rCorr    .         Harm     .   (no gloves)
MR       +....                  l - +1 pair of boots
Stlth    +.........             (no amulet)
HPRegen  0.20/turn              q - ring of see invisible
MPRegen  0.10/turn              I - ring of wizardry

@: hasted, very quick
A: retaliatory headbutt, horns 2
a: no special abilities


You were on level 5 of the Dungeon.
You were not hungry.

You visited 1 branch of the dungeon, and saw 5 of its levels.

You collected 199 gold pieces.

Inventory:

Hand Weapons
 a - a +0 long sword (weapon)
 b - a +2 hand axe of chopping
Missiles
 d - 3 throwing nets
 e - 5 tomahawks of returning
 g - 38 stones (quivered)
 C - 2 tomahawks
Armour
 l - a +1 pair of boots (worn)
 p - a +0 robe of positive energy
 v - a +0 leather armour of magic resistance (worn)
 G - a +2 hat (worn)
 M - a +1 cloak (worn)
Jewellery
 q - a ring of see invisible (left hand)
 I - a ring of wizardry (right hand)
Wands
 y - a wand of polymorph (18)
 D - a wand of iceblast (9)
Scrolls
 h - 5 scrolls of remove curse
 i - 3 scrolls of amnesia
 j - a scroll of blinking {unknown}
 m - a scroll of noise {unknown}
 r - 5 scrolls of identify
 t - a scroll of magic mapping {unknown}
 w - a scroll of teleportation {unknown}
 x - a scroll of immolation {unknown}
 z - a scroll of random uselessness {unknown}
 B - a scroll of fog {unknown}
 E - a scroll of enchant weapon {unknown}
Potions
 k - a potion of curing {unknown}
 n - 2 potions of brilliance
 o - 3 potions of berserk rage {unknown}
 s - a potion of resistance
 u - a potion of magic {unknown}
 H - a potion of agility {unknown}
 J - a potion of degeneration {unknown}
 K - a potion of lignification {unknown}
Comestibles
 c - 4 chunks of flesh
 f - 5 rations


   Skills:
 * Level 5.5 Fighting
 - Level 4.3 Long Blades
 * Level 3.2 Axes
 + Level 3.3 Throwing
 + Level 3.1 Armour
 * Level 5.6 Dodging


You had 6 spell levels left.
You didn't know any spells.
Your spell library contained the following spells:

 Spells                   Type           Power        Failure   Level  Hunger
 Shock                    Conj/Air       #...         26%         1    ##.....
 Swiftness                Chrm/Air       #.......     34%         2    ###....
 Static Discharge         Conj/Air       #.......     56%         3    ####...
 Airstrike                Air            #.........   91%         4    #####..
 Lightning Bolt           Conj/Air       #.........   99%         5    ######.


Dungeon Overview and Level Annotations

Branches:
Dungeon (5/15)
 Temple: D:4-7

Altars:
Dithmenos
Uskayaw

Annotations:
D:4 4 exclusions, Eustachio
D:5 Dowan, Duvessa, Edmund, Prince Ribbit


Innate Abilities, Weirdness & Mutations

You reflexively headbutt those who attack you in melee.
You have a pair of horns on your head.


Message History

Duvessa hits you with a +5 short sword of electrocution!
You closely miss Duvessa.
Duvessa is heavily wounded.
Duvessa hits you with a +5 short sword of electrocution.
You hit Duvessa. You headbutt Duvessa.
Duvessa is severely wounded.
Your leather armour prevents you from hitting Duvessa.
Duvessa is severely wounded.
Duvessa hits you with a +5 short sword of electrocution.
* * * LOW HITPOINT WARNING * * *
Dowan shouts!
You closely miss Duvessa. You headbutt Duvessa, but do no damage.
Duvessa is severely wounded.
Duvessa hits you with a +5 short sword of electrocution.
* * * LOW HITPOINT WARNING * * *
Dowan hits you but does no damage.
You hit Duvessa. You headbutt Duvessa, but do no damage.
Duvessa is almost dead.
Duvessa hits you but does no damage.
You are electrocuted!
You die...

######### ........#
########.##########
#.....<.#e.e.......
######e######.#########.
#......@.# #<# .
#.####.#e# #.# s #.#.#
#.# . #.#[# #.# . #.#.#
#.# . #(#.# #.# # $.#.#
#.# ## .. ..#


You could see Duvessa and Dowan.

Vanquished Creatures
  A phantom (D:4)
  A scorpion (D:4)
  A centaur skeleton (D:4)
  A hound (D:4)
  Crazy Yiuf (D:4)
  2 orc wizards (D:4)
  An iguana (D:3)
  Jessica (D:3)
  Terence (D:3)
  3 worker ants (D:4)
  7 adders
  An ooze (D:4)
  An adder skeleton (D:5)
  5 worms
  6 dart slugs
  3 leopard geckos
  18 orcs
  3 ball pythons
  3 giant cockroaches
  14 goblins
  9 hobgoblins
  6 jackals
  12 kobolds
  2 quokkas
  A ball python zombie (D:1)
  6 bats
  7 frilled lizards
  A jackal zombie (D:1)
  A leopard gecko skeleton (D:4)
  A quokka zombie (D:5)
  9 rats
129 creatures vanquished.

Notes
Turn   | Place    | Note
-------+----------+-------------------------------------------
     0 | D:1      | FishyPogo the Minotaur Gladiator began the quest for the
                  | Orb.
     0 | D:1      | Reached XP level 1. HP: 18/18 MP: 0/0
   132 | D:1      | Reached XP level 2. HP: 22/25 MP: 1/1
   437 | D:1      | Reached XP level 3. HP: 25/31 MP: 2/2
   611 | D:2      | Reached skill level 1 in Armour
   995 | D:2      | Reached XP level 4. HP: 32/38 MP: 3/3
  1601 | D:3      | Reached XP level 5. HP: 43/46 MP: 4/4
  1628 | D:3      | Noticed Terence
  1640 | D:3      | Killed Terence
  1965 | D:3      | Noticed Jessica
  1975 | D:3      | Killed Jessica
  1975 | D:3      | Reached skill level 1 in Axes
  2006 | D:3      | Found a hide-covered altar of Uskayaw.
  2052 | D:3      | Found a shadowy altar of Dithmenos.
  2389 | D:4      | Noticed a phantom
  2408 | D:4      | Killed a phantom
  2408 | D:4      | Reached skill level 5 in Dodging
  2408 | D:4      | Reached XP level 6. HP: 54/55 MP: 5/5
  2482 | D:4      | Reached skill level 5 in Fighting
  2614 | D:4      | Reached XP level 7. HP: 33/61 MP: 6/6
  2951 | D:4      | Noticed Eustachio
  3123 | D:4      | Found a runed translucent door.
  3124 | D:4      | Noticed Crazy Yiuf
  3318 | D:4      | Killed Crazy Yiuf
  3373 | D:5      | Entered Level 5 of the Dungeon
  3385 | D:5      | Noticed Prince Ribbit
  3390 | D:5      | Noticed Duvessa
  3393 | D:5      | Noticed Dowan
  3487 | D:5      | Noticed Edmund
  3532 | D:5      | Slain by Duvessa

Skill      XL: |  1  2  3  4  5  6  7 |
---------------+----------------------+-----
Long Blades    | 4 |  4.3
Fighting       | 3 4 5 |  5.5
Armour         | 1 2 3 |  3.1
Dodging        | 4 5 |  5.6
Axes           | 1 2 3 |  3.2
Throwing       | 3 |  3.3

Action                   |  1- 3 |  4- 6 |  7- 9 || total
-------------------------+-------+-------+-------++-------
Melee: Long sword        |    70 |    89 |    49 ||   208
       Headbutt          |     8 |    23 |    17 ||    48
       Hand axe          |       |    49 |    15 ||    64
Throw: Stone             |     6 |    23 |       ||    29
       Tomahawk          |       |    15 |       ||    15
  Use: Scroll            |       |     3 |       ||     3
       Potion            |       |       |     2 ||     2
 Stab: Sleeping          |       |     1 |     1 ||     2
  Eat: Chunk             |       |     6 |     3 ||     9
Armor: Leather armour    |    19 |    28 |    20 ||    67
Dodge: Dodged            |    63 |   103 |    34 ||   200
       Rpst.: Long sword |    13 |    15 |     3 ||    31
